 Dungeon Crawl Stone Soup version 0.21.1-1-g345015f (webtiles) character file.

4726 twistedcrescendo the Fighter (level 10, -4/101 HPs)
             Began as a Minotaur Berserker on June 19, 2018.
             Was an Elder of Trog.
             Slain by a death yak (18 damage)
             ... on level 9 of the Dungeon.
             The game lasted 00:38:24 (6961 turns).

twistedcrescendo the Fighter (Minotaur Berserker)   Turns: 6961, Time: 00:38:25

Health: -4/101     AC:  8    Str: 23    XL:     10   Next: 22%
Magic:  9/9        EV: 11    Int:  4    God:    Trog [****..]
Gold:   311        SH:  0    Dex: 12    Spells: 9/9 levels left

rFire    . . .     SeeInvis .   F - +0 morningstar
rCold    . . .     Gourm    .   (no shield)
rNeg     . . .     Faith    .   l - +0 ring mail
rPois    .         Spirit   .   (helmet restricted)
rElec    .         Reflect  .   (no cloak)
rCorr    .         Harm     .   i - +2 pair of gloves
MR       .....                  (no boots)
Stlth    +.........             (no amulet)
HPRegen  0.26/turn              (no ring)
MPRegen  0.11/turn              (no ring)

@: berserk cooldown, slowed, very slow
A: retaliatory headbutt, horns 2
a: Berserk, Trog's Hand, Brothers in Arms, Burn Spellbooks, Renounce Religion


You were on level 9 of the Dungeon.
You worshipped Trog.
Trog was greatly pleased with you.
You were very hungry.

You visited 2 branches of the dungeon, and saw 10 of its levels.

You collected 437 gold pieces.
You spent 126 gold pieces at shops.

Inventory:

Hand Weapons
 a - a +0 mace
 w - a +0 blowgun
 F - a +0 morningstar (weapon)
Missiles
 d - 11 curare-tipped needles
 j - 63 poisoned needles
Armour
 b - a +0 animal skin
 i - a +2 pair of gloves (worn)
 l - a +0 ring mail (worn)
 L - a +0 shield
Jewellery
 s - an uncursed amulet of the gourmand {unknown}
 x - an uncursed ring of stealth {unknown}
 y - an uncursed ring of resist corrosion {unknown}
 D - an uncursed ring of flight {unknown}
 G - a cursed ring of ice {unknown}
Scrolls
 e - 9 scrolls of identify
 f - 2 scrolls of amnesia {unknown}
 m - 2 scrolls of blinking {unknown}
 o - 4 scrolls of teleportation {unknown}
 q - a scroll of immolation {unknown}
 t - 2 scrolls of enchant armour {unknown}
 u - 2 scrolls of magic mapping {unknown}
 v - a scroll of enchant weapon {unknown}
 z - a scroll of acquirement {unknown}
 C - 5 scrolls of remove curse
 K - a scroll of noise {unknown}
Potions
 g - a potion of berserk rage {unknown}
 h - 4 potions of mutation
 k - 2 potions of magic {unknown}
 n - 3 potions of might {unknown}
 p - a potion of heal wounds {unknown}
 r - 3 potions of haste {unknown}
 A - 3 potions of curing
 B - 3 potions of agility {unknown}
 E - 2 potions of degeneration {unknown}
 H - a potion of lignification
 I - a potion of brilliance {unknown}
 J - a potion of resistance {unknown}
Comestibles
 c - 20 rations


   Skills:
 + Level 13.5 Fighting
 - Level 12.0 Maces & Flails
 - Level 2.5 Armour
 - Level 2.3 Dodging


You had 9 spell levels left.
You didn't know any spells.

Dungeon Overview and Level Annotations

Branches:
Dungeon (9/15)             Temple (1/1) D:6
   Lair: D:8-11         Orc: D:9-12

Altars:
Ashenzari
Cheibriados
Dithmenos
Elyvilon
Fedhas
Gozag
Hepliaklqana
Kikubaaqudgha
Makhleb
Nemelex Xobeh
Okawaru
Qazlal
Ru
Sif Muna
Trog
Uskayaw
Vehumet
Wu Jian
Xom
Yredelemnul
Zin
The Shining One

Shops:
D:5 [   D:6 =   D:7 ?**


Innate Abilities, Weirdness & Mutations

You reflexively headbutt those who attack you in melee.
You have a pair of horns on your head.


Message History

The worker ant misses you. You furiously retaliate!
You headbutt the worker ant! You hit the yak.
The yak is heavily wounded.
The yak gores you!
* * * LOW HITPOINT WARNING * * *
The death yak barely misses you.
You feel a strong urge to attack something.
You are no longer berserk.
You are exhausted.
You feel yourself slow down.
The worker ant bites you but does no damage.
The jelly misses you. You furiously retaliate!
You headbutt the jelly!
You see here 18 arrows.
The yak snorts and paws the ground.
The worker ant closely misses you. The worker ant barely misses you.
The yak closely misses you. The worker ant completely misses you.
The death yak gores you!!
You die...

.................#
..............(...#
..................#
..................#
.........J........#
........YYY.......#
........aY........#
.........Y........#
........@.........#
........<.........#
..................#####
.......................
#######################


You could see 2 death yaks, 3 yaks, a jelly and a worker ant.

Vanquished Creatures
  A death yak (D:9)
  The ghost of troglodite the Skirmisher, a novice DsBe of Trog (D:6)
  A spriggan (D:7)
  2 yaks (D:9)
  A wyvern (D:8)
  2 hungry ghosts
  2 ice beasts
  A phantom (D:6)
  A necrophage (D:7)
  3 ogres
  An eye of draining (D:8)
  2 centaurs
  A crocodile (D:9)
  4 bullfrogs
  A wyvern zombie (D:6)
  3 scorpions
  A water moccasin skeleton (D:9)
  4 wights (D:8)
  A howler monkey (D:8)
  3 crimson imps
  A bullfrog zombie (D:8)
  2 centaur zombies
  3 orc priests
  2 jellies
  A bullfrog skeleton (D:8)
  3 hounds
  7 orc wizards
  An iguana (D:9)
  6 worker ants
  A hound skeleton (D:4)
  3 worker ant zombies
  7 gnolls
  9 adders
  A shadow imp (D:8)
  An ooze (D:4)
  2 adder skeletons
  3 worms
  A dart slug (D:1)
  6 leopard geckos
  36 orcs
  A ball python (D:1)
  11 bats
  5 giant cockroaches
  11 goblins
  11 hobgoblins
  21 jackals
  11 kobolds
  5 quokkas
  4 frilled lizards
  A leopard gecko skeleton (D:7)
  A quokka skeleton (D:5)
  9 rats
223 creatures vanquished.

Notes
Turn   | Place    | Note
-------+----------+-------------------------------------------
     0 | D:1      | twistedcrescendo the Minotaur Berserker began the quest for the Orb.
     0 | D:1      | Reached XP level 1. HP: 19/19 MP: 0/0
    82 | D:1      | Reached XP level 2. HP: 24/27 MP: 1/1
    87 | D:1      | Reached skill level 4 in Fighting
   381 | D:1      | Reached ** piety under Trog
   438 | D:1      | Reached XP level 3. HP: 33/34 MP: 2/2
   814 | D:2      | Reached XP level 4. HP: 41/41 MP: 3/3
  1027 | D:2      | Reached skill level 5 in Maces & Flails
  1244 | D:2      | Reached skill level 5 in Fighting
  1468 | D:3      | Reached *** piety under Trog
  1480 | D:4      | Noticed a bullfrog
  1507 | D:3      | Reached XP level 5. HP: 16/48 MP: 4/4
  2024 | D:3      | Noticed an ogre
  2031 | D:3      | Killed an ogre
  2031 | D:3      | Reached skill level 6 in Fighting
  2089 | D:3      | Reached XP level 6. HP: 57/57 MP: 5/5
  2733 | D:4      | Reached skill level 7 in Fighting
  2851 | D:4      | Reached XP level 7. HP: 59/66 MP: 6/6
  2955 | D:4      | Found a sparkling altar of Nemelex Xobeh.
  3019 | D:5      | Entered Level 5 of the Dungeon
  3259 | D:4      | Found a white marble altar of Elyvilon.
  3418 | D:4      | Reached **** piety under Trog
  3856 | D:5      | Found Oboteymp's Antique Armour Shoppe.
  3862 | D:5      | Reached skill level 8 in Fighting
  3922 | D:6      | Noticed troglodite's ghost (novice DsBe)
  3936 | D:6      | Killed troglodite's ghost
  3936 | D:6      | Reached skill level 9 in Fighting
  3936 | D:6      | Reached XP level 8. HP: 78/78 MP: 7/7
  4571 | D:6      | Reached skill level 10 in Fighting
  4571 | D:6      | Reached skill level 10 in Maces & Flails
  4591 | D:6      | Found a shadowy altar of Dithmenos.
  4743 | D:7      | Found Wifyagic's General Store.
  4798 | D:7      | Found Imel's Magic Scroll Emporium.
  4801 | D:7      | Bought a potion of lignification for 42 gold pieces
  4880 | D:7      | Reached XP level 9. HP: 84/86 MP: 8/8
  4929 | D:7      | Found a sacrificial altar of Ru.
  5096 | D:7      | Found Maumue's General Store.
  5105 | D:7      | Bought a potion of curing for 42 gold pieces
  5105 | D:7      | Bought a scroll of remove curse for 42 gold pieces
  5285 | D:6      | Reached skill level 11 in Fighting
  5321 | D:6      | Found Goirch's Jewellery Shop.
  5466 | D:6      | Found a staircase to the Ecumenical Temple.
  5478 | Temple   | Entered the Ecumenical Temple
  6545 | D:8      | Reached skill level 12 in Fighting
  6934 | D:9      | Noticed a death yak
  6935 | D:9      | Noticed a death yak
  6938 | D:9      | Noticed a death yak
  6939 | D:9      | Reached XP level 10. HP: 100/100 MP: 9/9
  6945 | D:9      | Killed a death yak
  6945 | D:9      | Reached skill level 13 in Fighting
  6961 | D:9      | Slain by a death yak

Skill      XL: |  1  2  3  4  5  6  7  8  9 10 |
---------------+-------------------------------+-----
Fighting       | 4 5 6 7 9 10 12 13 | 13.5
Maces & Flails | 4 5 6 7 9 10 12 | 12.0
Armour         | |  2.5
Dodging        | |  2.3

Action                   |  1- 3 |  4- 6 |  7- 9 | 10-12 || total
-------------------------+-------+-------+-------+-------++-------
Melee: Mace              |    64 |   115 |    43 |       ||   222
       Headbutt          |    10 |    19 |    67 |     6 ||   102
       Morningstar       |       |       |   268 |    11 ||   279
Invok: Berserk           |       |     2 |     3 |       ||     5
       Trog's Hand       |       |     2 |     1 |       ||     3
  Use: Scroll            |       |       |     1 |       ||     1
 Stab: Sleeping          |     1 |       |       |       ||     1
  Eat: Chunk             |       |     9 |    13 |       ||    22
       Ration            |       |       |     2 |       ||     2
Armor: Animal skin       |    11 |     9 |       |       ||    20
       Ring mail         |       |    39 |   109 |     5 ||   153
Dodge: Dodged            |    39 |    88 |   186 |    15 ||   328
